 Dungeon Crawl Stone Soup version 0.17.2-1-ge4368a0 (webtiles) character file.

1589 Goblin1989 the Cleaver (level 8, -3/68 HPs)
             Began as a Hill Orc Gladiator on Nov 9, 2016.
             Was an Elder of Makhleb.
             Slain by Prince Ribbit (11 damage)
             ... on level 6 of the Dungeon.
             The game lasted 00:13:29 (5221 turns).

Goblin1989 the Cleaver (Hill Orc Gladiator)         Turns: 5221, Time: 00:13:29

Health: -3/68      AC:  9    Str: 20    XL:     8   Next: 92%
Magic:  19/19      EV: 11    Int:  8    God:    Makhleb [****..]
Gold:   399        SH:  0    Dex: 11    Spells: 0 memorised, 7 levels left

rFire  . . .     SeeInvis .     a - +0 war axe
rCold  + . .     Clarity  .     i - +0 scale mail
rNeg   + + .     SustAt   .     (no shield)
rPois  .         Gourm    .     w - +0 helmet
rElec  .         Spirit   .     (no cloak)
rCorr  .         Warding  +     (no gloves)
rMut   .         Stasis   .     s - +0 pair of boots
MR     .....                    l - amulet of warding
Stlth  ..........               c - ring of protection from cold
                                G - ring "Loenuss" {rN+ MP+9}

@: not resistant to hostile enchantments, extremely unstealthy
A: no striking features
a: Minor Destruction, Lesser Servant of Makhleb, Major Destruction, Renounce
Religion


You were on level 6 of the Dungeon.
You worshipped Makhleb.
Makhleb was greatly pleased with you.
You were not hungry.

You visited 1 branch of the dungeon, and saw 6 of its levels.
You also visited: Ossuary.

You collected 399 gold pieces.

Inventory:

Hand Weapons
 a - a +0 war axe (weapon)
Missiles
 Z - 3 throwing nets {=f, !d}
Armour
 i - a +0 scale mail (worn)
 s - a +0 pair of boots (worn)
 u - a +2 hat
 w - a +0 helmet (worn)
Jewellery
 c - a ring of protection from cold (right hand)
 l - an amulet of warding (around neck)
 n - an uncursed ring of positive energy
 G - the ring "Loenuss" (left hand) {rN+ MP+9}
   (You found it on level 5 of the Dungeon)

   [ring of positive energy]

   It protects you from negative energy.
   It affects your magic capacity (+9).
Wands
 I - a wand of polymorph (10)
Scrolls
 f - 6 scrolls of identify {unknown}
 h - 2 scrolls of enchant armour {unknown}
 j - 3 scrolls of recharging {unknown}
 m - a scroll of amnesia {unknown}
 q - a scroll of noise {unknown}
 r - 2 scrolls of magic mapping {unknown}
 v - 3 scrolls of remove curse {unknown}
 y - 2 scrolls of immolation {unknown}
 C - 2 scrolls of enchant weapon {unknown}
 D - a scroll of fog {unknown}
 T - 3 scrolls of teleportation {!r, @r4}
Potions
 b - 4 potions of flight {unknown}
 d - a potion of beneficial mutation {unknown}
 g - 7 potions of curing {unknown}
 k - 3 potions of might {unknown}
 o - a potion of poison {unknown}
 t - a potion of haste {unknown}
 x - a potion of lignification {unknown}
 A - a potion of heal wounds {unknown}
 B - 2 potions of degeneration {unknown}
 F - a potion of cancellation {unknown}
 J - a potion of cure mutation {unknown}
Comestibles
 e - 3 bread rations {@e1}
 p - 2 beef jerkies
 z - 2 fruits
 E - a slice of pizza
 H - 2 meat rations {@e2}


   Skills:
 + Level 5.3 Fighting
 * Level 11.2 Axes
 - Level 1.7 Throwing
 + Level 3.8 Armour
 + Level 3.9 Dodging
 - Level 3.0 Invocations


You had 7 spell levels left.
You didn't know any spells.

Dungeon Overview and Level Annotations

Branches:
Dungeon (6/15)
 Temple: D:4-7

Altars:
Cheibriados
Dithmenos
Elyvilon
Makhleb
Okawaru
Qazlal
Ru
Trog

Annotations:
D:6 Prince Ribbit


Message History

Prince Ribbit hits you.
Prince Ribbit blinks!
You take 2 damage, and have 39/68 hp.
Prince Ribbit hits you!
* * * LOW HITPOINT WARNING * * *
Prince Ribbit hits you!
* * * LOW HITPOINT WARNING * * *
You take 28 damage, and have 12/68 hp.
MASSIVE DAMAGE!!
You hit Prince Ribbit.
Prince Ribbit is lightly wounded.
Prince Ribbit catches a blue-tailed skink with his tongue.
Prince Ribbit hits you but does no damage.
You slash Prince Ribbit!
Prince Ribbit is heavily wounded.
Prince Ribbit hits you.
* * * LOW HITPOINT WARNING * * *
You take 4 damage, and have 8/68 hp.
You slash Prince Ribbit!
Prince Ribbit is severely wounded.
Prince Ribbit hits you!
You die...

....................
......
█████...█████..███.█
█████. █.......█
█......█ ...██████
██.██.████ █..█
█........█ ...█████
█........█ ██.....██
█......>.█
█████..████....F...█
██....)....@...█
█████........██


██████████ You could see Prince Ribbit.

Vanquished Creatures
  Sigmund (D:2)
  An ice beast (D:6)
  2 ogres
  A phantom (D:4)
  A sky beast (D:5)
  The ghost of Goblin1989 the Cudgeler, an amateur DsAr (D:3)
  A centaur (D:5)
  A giant frog (D:6)
  An elf zombie (Ossuary)
  A crimson imp (D:5)
  A centaur zombie (Ossuary)
  A human zombie (Ossuary)
  Jessica (D:3)
  Terence (D:3)
  An iguana (D:4)
  4 worker ants
  2 mummies (Ossuary)
  A hound skeleton (D:5)
  9 gnolls
  5 adders
  An adder zombie (Ossuary)
  4 worms
  3 giant geckos
  7 orcs
  4 giant cockroaches
  7 goblins
  6 hobgoblins
  2 jackals (D:3)
  4 quokkas
  2 ball pythons (D:3)
  6 bats
  A giant gecko skeleton (D:5)
  6 giant newts
  2 goblin zombies (Ossuary)
  15 hobgoblin zombies (Ossuary)
  A jackal zombie (D:5)
  5 kobolds
  6 kobold zombies (Ossuary)
  9 orc zombies (Ossuary)
  8 rats
  A rat zombie (Ossuary)
137 creatures vanquished.

Vanquished Creatures (collateral kills)
  The ghost of Goblin1989 the Skirmisher, an amateur DsWn of Gozag (D:4)
1 creature vanquished.

Grand Total: 138 creatures vanquished

Notes
Turn   | Place    | Note
--------------------------------------------------------------
     0 | D:1      | Goblin1989 the Hill Orc Gladiator began the quest for the Orb.
     0 | D:1      | Reached XP level 1. HP: 18/18 MP: 1/1
   267 | D:1      | Reached XP level 2. HP: 23/25 MP: 2/2
   503 | D:1      | Reached skill level 5 in Axes
   931 | D:1      | Reached XP level 3. HP: 30/30 MP: 3/3
  1128 | D:2      | Found a shadowy altar of Dithmenos.
  1168 | D:2      | Found a faded altar to an unknown god.
  1186 | D:2      | Became a worshipper of Makhleb the Destroyer
  1186 | D:2      | Reached * piety under Makhleb
  1316 | D:2      | Noticed Sigmund
  1325 | D:2      | Killed Sigmund
  1325 | D:2      | Reached skill level 8 in Axes
  1325 | D:2      | Reached XP level 4. HP: 6/37 MP: 4/4
  1325 | D:2      | Reached XP level 5. HP: 6/42 MP: 5/5
  1809 | D:2      | Found a white marble altar of Elyvilon.
  1809 | D:2      | Found a bloodstained altar of Trog.
  2276 | D:3      | Found a snail-covered altar of Cheibriados.
  2359 | D:3      | Noticed Terence
  2367 | D:3      | Killed Terence
  2367 | D:3      | Reached skill level 1 in Invocations
  2367 | D:3      | Reached XP level 6. HP: 47/50 MP: 5/7
  2427 | D:3      | Reached ** piety under Makhleb
  2904 | D:3      | Noticed Jessica
  2915 | D:3      | Killed Jessica
  2920 | D:3      | Noticed Goblin1989's ghost (amateur DsAr)
  2927 | D:3      | Killed Goblin1989's ghost
  2927 | D:3      | Reached skill level 9 in Axes
  3040 | D:4      | Reached skill level 1 in Armour
  3040 | D:4      | Reached XP level 7. HP: 45/56 MP: 9/9
  3045 | D:4      | Found a sand-covered staircase.
  3059 | Ossuary  | Entered an ossuary
  3198 | Ossuary  | Reached *** piety under Makhleb
  3457 | D:4      | Noticed Goblin1989's ghost (amateur DsWn)
  3469 | D:4      | Killed Goblin1989's ghost
  3469 | D:4      | Reached skill level 10 in Axes
  3469 | D:4      | Reached XP level 8. HP: 43/66 MP: 10/10
  3706 | D:4      | Found a stormy altar of Qazlal.
  3725 | D:4      | Found an iron altar of Okawaru.
  3842 | D:5      | Entered Level 5 of the Dungeon
  3863 | D:5      | Found a sacrificial altar of Ru.
  4605 | D:5      | Got a translucent lapis lazuli ring
  4607 | D:5      | Identified the ring "Loenuss" {rN+ MP+9} (You found it on level 5 of the Dungeon)
  4919 | D:6      | Reached skill level 5 in Fighting
  4928 | D:6      | Reached skill level 11 in Axes
  5080 | D:6      | Reached **** piety under Makhleb
  5140 | D:6      | Identified the Collected Works on Clay
  5193 | D:6      | Noticed Prince Ribbit
  5221 | D:6      | Slain by Prince Ribbit

Action                   |  1- 3 |  4- 6 |  7- 9 || total
-------------------------+-------+-------+-------++-------
Melee: War axe           |    71 |   139 |   250 ||   460
Invok: Lesser Servant of |       |       |     2 ||     2
  Use: Scroll            |       |       |     1 ||     1
  Eat: Chunk             |     1 |     6 |     5 ||    12
       Royal jelly       |       |       |     1 ||     1

Vault maps used:
D:1:      saegor_arrival_simple_e
D:2:      gammafunk_temple_overflow_statue, ecumenical_altar_2,
          nicolae_dithmenos_through_a_glass_darkly, uniq_sigmund
D:3:      cheibriados_altar_1, minmay_misc_feat_roman, uniq_jessica,
          uniq_terence
D:4:      overflow_temple_1_default, lemuel_doored_altar,
          nicolae_ossuary_entry_ruins, first_bread
D:5:      old_standard_altar
D:6:      uniq_eustachio, uniq_crazy_yiuf_cottage, uniq_prince_ribbit1
Ossuary:  ossuary_tomb_1
